MLB
HOUSTON ASTROS @ CLEVELAND INDIANS
05/27/2018
 
TOP OF THE 1ST
Houston Astros batting - Pitching for Cleveland Indians : RHP Jimmy Nelson
Pitching: RHP Jimmy Nelson
Batting: LHB Gregory Polanco 0-0: Called Strike
0-1: Ball
1-1: Fly out, F2 (Popup, 25F)
Batting: RHB Xander Bogaerts 0-0: Ball
1-0: Ball
2-0: Called Strike
2-1: Foul Ball, location: 2F
2-2: Ground out 3-1 (Groundball, 34)
Batting: LHB Rougned Odor 0-0: Ball
1-0: Called Strike
1-1: Ball
2-1: Ball
3-1: Base on Balls
Batting: LHB Colin Moran 0-0: Ball
1-0: Ball
2-0: Called Strike
2-1: Foul Ball, location: 2F
2-2: Fly out, F9 (Flyball, 9S)
Top of the 1st over - 0 runs, 0 hits, 0 errors, 1 left on base; Houston 0 - Cleveland 0
BOTTOM OF THE 1ST
Cleveland Indians batting - Pitching for Houston Astros : RHP Daniel Mengden
Pitching: RHP Daniel Mengden
Batting: LHB Jacoby Ellsbury 0-0: Swinging Strike
0-1: Called Strike
0-2: Ball
1-2: Foul Ball, location: 2F
1-2: Foul Ball, location: 2F
1-2: Ball
2-2: Strikes out looking
Batting: LHB Matt Carpenter 0-0: Ball
1-0: Called Strike
1-1: Foul Ball, location: 2F
1-2: Ball
2-2: Ball
3-2: Foul Ball, location: 2F
3-2: Base on Balls
Batting: SHB Jose Ramirez 0-0: Foul Ball, location: 2F
0-1: Ball
1-1: Fly out, F7 (Flyball, 7S)
Batting: LHB Eric Hosmer 0-0: Ball
Wild Pitch!
Matt Carpenter to second
1-0: Ball
2-0: Foul Ball, location: 2F
2-1: Foul Ball, location: 2F
2-2: Strikes out swinging
Bottom of the 1st over - 0 runs, 0 hits, 0 errors, 1 left on base; Houston 0 - Cleveland 0
TOP OF THE 2ND
Houston Astros batting - Pitching for Cleveland Indians : RHP Jimmy Nelson
Batting: LHB Dominic Smith 0-0: Ball
1-0: Foul Ball, location: 2F
1-1: Foul Ball, location: 2F
1-2: Foul Ball, location: 2F
1-2: Ball
2-2: Strikes out swinging
Batting: RHB Josh Harrison 0-0: Ball
1-0: Called Strike
1-1: Ground out 5-3 (Groundball, 56)
Batting: LHB Jason Heyward 0-0: Foul Ball, location: 2F
0-1: SINGLE (Line Drive, 8RS)
Batting: RHB Teoscar Hernandez 0-0: Ball
1-0: Called Strike
1-1: Foul Ball, location: 2F
1-2: Ball
2-2: Ball
3-2: Fly out, F4 (Line Drive, 4)
Top of the 2nd over - 0 runs, 1 hit, 0 errors, 1 left on base; Houston 0 - Cleveland 0
BOTTOM OF THE 2ND
Cleveland Indians batting - Pitching for Houston Astros : RHP Daniel Mengden
Batting: LHB Matt Joyce 0-0: Called Strike
0-1: Ball
1-1: Reached on error, E6 (Groundball, 4M)
Batting: LHB Christian Yelich 0-0: DOUBLE (Line Drive, 7LS)
Matt Joyce to third
Batting: RHB Marcus Semien 0-0: Ball
1-0: Foul Ball, location: 2F
1-1: Ball
2-1: Fly out, F8 (Flyball, 8RM)
Runner from 3rd tags up, SCORES, throw by CF
Batting: LHB Brian McCann 0-0: Called Strike
0-1: Ball
1-1: Swinging Strike
1-2: Ball
2-2: Foul Ball, location: 2F
2-2: DOUBLE (Flyball, 7LM)
Christian Yelich scores
Batting: RHB Mitch Garver 0-0: Called Strike
0-1: Swinging Strike
0-2: SINGLE (Flyball, 8RS)
Brian McCann to third
Batting: LHB Jacoby Ellsbury 0-0: Ball
1-0: Swinging Strike
1-1: Ball
2-1: Ball
3-1: Base on Balls
Mitch Garver to second
Batting: LHB Matt Carpenter 0-0: Ball
1-0: Foul Ball, location: 2F
1-1: Ball
2-1: Ball
3-1: Swinging Strike
3-2: Base on Balls
Brian McCann scores
Mitch Garver to third
Jacoby Ellsbury to second
Batting: SHB Jose Ramirez 0-0: Ball
1-0: Ball
2-0: Ball
3-0: Called Strike
3-1: Base on Balls
Mitch Garver scores
Jacoby Ellsbury to third
Matt Carpenter to second
Batting: LHB Eric Hosmer 0-0: Ball
1-0: Foul Ball, location: 2F
1-1: Grounds into fielders choice 1-2 (Groundball, 15)
Matt Carpenter to third
Jose Ramirez to second
Batting: LHB Matt Joyce 0-0: Called Strike
0-1: Ball
1-1: Called Strike
1-2: Strikes out swinging
Bottom of the 2nd over - 4 runs, 3 hits, 1 error, 3 left on base; Houston 0 - Cleveland 4
TOP OF THE 3RD
Houston Astros batting - Pitching for Cleveland Indians : RHP Jimmy Nelson
Batting: RHB Welington Castillo 0-0: Called Strike
0-1: Foul Ball, location: 2F
0-2: SOLO HOME RUN (Line Drive, 9D), Distance : 361 ft
Batting: LHB Gregory Polanco 0-0: Ball
1-0: Ball
2-0: Ground out 4-3 (Groundball, 4)
Batting: RHB Xander Bogaerts 0-0: Called Strike
0-1: Foul Ball, location: 2F
0-2: SINGLE (Groundball, 56D)
Batting: LHB Rougned Odor 0-0: Called Strike
0-1: Swinging Strike
0-2: Hit by Pitch
Xander Bogaerts to second
Batting: LHB Colin Moran 0-0: Ball
1-0: Called Strike
1-1: SINGLE (Line Drive, 56D)
Xander Bogaerts to third
Rougned Odor to second
Batting: LHB Dominic Smith 0-0: GRAND SLAM HOME RUN (Flyball, 9D), Distance : 366 ft
Batting: RHB Josh Harrison 0-0: Ball
1-0: Ground out 6-3 (Groundball, 6S)
Batting: LHB Jason Heyward 0-0: Called Strike
0-1: Swinging Strike
0-2: Ball
1-2: Foul Ball, location: 2F
1-2: Ball
2-2: Ground out 4-3 (Groundball, 34)
Top of the 3rd over - 5 runs, 4 hits, 0 errors, 0 left on base; Houston 5 - Cleveland 4
BOTTOM OF THE 3RD
Cleveland Indians batting - Pitching for Houston Astros : RHP Daniel Mengden
Batting: LHB Christian Yelich 0-0: Ball
1-0: Ball
2-0: Called Strike
2-1: Foul Ball, location: 2F
2-2: Ball
3-2: Base on Balls
Batting: RHB Marcus Semien 0-0: Called Strike
0-1: Ball
1-1: Ground out 4-3 (Groundball, 4S)
Christian Yelich to second
Batting: LHB Brian McCann 0-0: Called Strike
0-1: Foul Ball, location: 2F
0-2: SINGLE (Line Drive, 9S)
Christian Yelich to third
Batting: RHB Mitch Garver 0-0: Ball
1-0: Grounds into double play, 6-4-3 (Groundball, 6)
Bottom of the 3rd over - 0 runs, 1 hit, 0 errors, 1 left on base; Houston 5 - Cleveland 4
TOP OF THE 4TH
Houston Astros batting - Pitching for Cleveland Indians : RHP Jimmy Nelson
Batting: RHB Teoscar Hernandez 0-0: Foul Ball, location: 2F
0-1: Called Strike
0-2: Strikes out swinging
Batting: RHB Welington Castillo 0-0: Foul Ball, location: 2F
0-1: Swinging Strike
0-2: Ball
1-2: Ball
2-2: SINGLE (Flyball, 78S)
Batting: LHB Gregory Polanco 0-0: Foul Ball, location: 2F
0-1: Ball
1-1: Swinging Strike
1-2: Strikes out swinging
Batting: RHB Xander Bogaerts 0-0: Ball
1-0: Ball
2-0: Called Strike
2-1: DOUBLE (Line Drive, 9LM)
Welington Castillo to third
Batting: LHB Rougned Odor 0-0: Called Strike
0-1: Ball
1-1: Swinging Strike
1-2: Foul Ball, location: 2F
1-2: Strikes out swinging
Top of the 4th over - 0 runs, 2 hits, 0 errors, 2 left on base; Houston 5 - Cleveland 4
BOTTOM OF THE 4TH
Cleveland Indians batting - Pitching for Houston Astros : RHP Daniel Mengden
Batting: LHB Jacoby Ellsbury 0-0: Swinging Strike
0-1: Fly out, F8 (Flyball, 8LD)
Batting: LHB Matt Carpenter 0-0: Ball
1-0: Ball
2-0: Called Strike
2-1: Ball
3-1: Base on Balls
Batting: SHB Jose Ramirez 0-0: Ball
1-0: Called Strike
1-1: Swinging Strike
1-2: Fielders Choice at 2nd, 6-4 (Groundball, 6)
Batting: LHB Eric Hosmer 0-0: Called Strike
0-1: Ball
1-1: Ball
2-1: Ground out 4-3 (Groundball, 34)
Bottom of the 4th over - 0 runs, 0 hits, 0 errors, 1 left on base; Houston 5 - Cleveland 4
TOP OF THE 5TH
Houston Astros batting - Pitching for Cleveland Indians : RHP Jimmy Nelson
Batting: LHB Colin Moran 0-0: Ball
1-0: SINGLE (Groundball, 34D)
Batting: LHB Dominic Smith 0-0: Called Strike
0-1: Fly out, F9 (Flyball, 9)
Batting: RHB Josh Harrison 0-0: Called Strike
0-1: Ball
1-1: Swinging Strike
Passed Ball!
Colin Moran to second
1-2: Strikes out looking
Batting: LHB Jason Heyward 0-0: Ball
1-0: Called Strike
1-1: Ball
2-1: Foul Ball, location: 2F
2-2: Strikes out swinging
Top of the 5th over - 0 runs, 1 hit, 0 errors, 1 left on base; Houston 5 - Cleveland 4
BOTTOM OF THE 5TH
Cleveland Indians batting - Pitching for Houston Astros : RHP Daniel Mengden
Pitching: RHP Dovydas Neverauskas
Batting: LHB Matt Joyce 0-0: Ball
1-0: Ball
2-0: Swinging Strike
2-1: Called Strike
2-2: Foul Ball, location: 2F
2-2: Foul Ball, location: 2F
2-2: Foul Ball, location: 2F
2-2: Strikes out swinging
Batting: LHB Christian Yelich 0-0: Ball
1-0: Called Strike
1-1: Ball
2-1: Ball
3-1: Base on Balls
Batting: RHB Marcus Semien 0-0: Ball
1-0: Called Strike
1-1: Called Strike
1-2: Foul Ball, location: 2F
1-2: Foul Ball, location: 2F
1-2: Ball
2-2: Ball
3-2: Base on Balls
Christian Yelich to second
Batting: LHB Brian McCann 0-0: Ball
1-0: Grounds into double play, 4-6-3 (Groundball, 4)
Bottom of the 5th over - 0 runs, 0 hits, 0 errors, 1 left on base; Houston 5 - Cleveland 4
TOP OF THE 6TH
Houston Astros batting - Pitching for Cleveland Indians : RHP Jimmy Nelson
Pitching: LHP Brett Cecil
Batting: RHB Teoscar Hernandez 0-0: Ball
1-0: Fly out, F7 (Flyball, 78M)
Batting: RHB Welington Castillo 0-0: Called Strike
0-1: Ball
1-1: Ball
2-1: Swinging Strike
2-2: Ball
3-2: Reached on error, E8 (Flyball, 8LD)
Batting: LHB Gregory Polanco 0-0: Ball
1-0: Called Strike
1-1: Foul Ball, location: 2F
1-2: Foul Ball, location: 2F
1-2: 2-RUN HOME RUN (Line Drive, 89XD), Distance : 403 ft
Batting: RHB Xander Bogaerts 0-0: DOUBLE (Flyball, 8RXD)
Batting: LHB Rougned Odor 0-0: Ball
1-0: Ball
2-0: Foul Ball, location: 2F
2-1: Fly out, F7 (Flyball, 78XD)
Runner from 2nd tags up, SAFE at 3rd, no throw by LF
Batting: LHB Colin Moran 0-0: Ball
1-0: Foul Ball, location: 2F
1-1: Ball
2-1: Swinging Strike
2-2: Fly out, F3 (Popup, 3)
Top of the 6th over - 2 runs, 2 hits, 1 error, 1 left on base; Houston 7 - Cleveland 4
BOTTOM OF THE 6TH
Cleveland Indians batting - Pitching for Houston Astros : RHP Dovydas Neverauskas
Batting: RHB Mitch Garver 0-0: Swinging Strike
0-1: Swinging Strike
0-2: Strikes out looking
Batting: LHB Jacoby Ellsbury 0-0: Ball
1-0: Ball
2-0: Swinging Strike
2-1: Foul Ball, location: 2F
2-2: Ball
3-2: TRIPLE (Flyball, 78XD)
Pitching: RHP Jose Urena
Batting: LHB Matt Carpenter 0-0: 2-RUN HOME RUN (Line Drive, 8LXD), Distance : 417 ft
Batting: SHB Jose Ramirez 0-0: Ball
1-0: Ball
2-0: Ball
3-0: Called Strike
3-1: Base on Balls
Pitching: RHP Jose A. Ramirez
Batting: LHB Eric Hosmer 0-0: Ball
Jose Ramirez steals 2nd base
1-0: Ball
2-0: Foul Ball, location: 2F
2-1: Foul Ball, location: 2F
2-2: Ground out U3 (Groundball, 3S)
Jose Ramirez to third
Batting: LHB Matt Joyce 0-0: Swinging Strike
0-1: Ball
1-1: Swinging Strike
1-2: Ground out 4-3 (Groundball, 34)
Bottom of the 6th over - 2 runs, 2 hits, 0 errors, 1 left on base; Houston 7 - Cleveland 6
TOP OF THE 7TH
Houston Astros batting - Pitching for Cleveland Indians : LHP Brett Cecil
Batting: LHB Dominic Smith 0-0: DOUBLE (Flyball, 78XD)
Batting: RHB Josh Harrison 0-0: Ball
1-0: Called Strike
1-1: Ground out 6-3 (Groundball, 6)
Batting: LHB Jason Heyward 0-0: Foul Ball, location: 2F
0-1: Swinging Strike
0-2: Strikes out swinging
Batting: RHB Teoscar Hernandez 0-0: Called Strike
0-1: Ball
1-1: Called Strike
1-2: Fly out, F9 (Flyball, 9D)
Top of the 7th over - 0 runs, 1 hit, 0 errors, 1 left on base; Houston 7 - Cleveland 6
BOTTOM OF THE 7TH
Cleveland Indians batting - Pitching for Houston Astros : RHP Jose A. Ramirez
Pitching: RHP Alex Colome
Batting: LHB Christian Yelich 0-0: Ball
1-0: Foul Ball, location: 2F
1-1: Foul Ball, location: 2F
1-2: Ground out 3-1 (Groundball, 3D)
Batting: RHB Marcus Semien 0-0: Called Strike
0-1: Called Strike
0-2: Strikes out swinging
Batting: LHB Brian McCann 0-0: Foul Ball, location: 2F
0-1: SINGLE (Flyball, 9S)
Batting: RHB Mitch Garver 0-0: Ball
1-0: Ball
2-0: Called Strike
2-1: Fly out, F9 (Flyball, 9LD)
Bottom of the 7th over - 0 runs, 1 hit, 0 errors, 1 left on base; Houston 7 - Cleveland 6
TOP OF THE 8TH
Houston Astros batting - Pitching for Cleveland Indians : LHP Brett Cecil
Batting: RHB Welington Castillo 0-0: Foul Ball, location: 2F
0-1: Called Strike
0-2: Strikes out swinging
Batting: LHB Gregory Polanco 0-0: Ball
1-0: Swinging Strike
1-1: DOUBLE (Line Drive, 7LD)
Batting: RHB Xander Bogaerts 0-0: Ball
1-0: Fly out, F7 (Flyball, 7S)
Batting: LHB Rougned Odor 0-0: Called Strike
0-1: Ball
1-1: 2-RUN HOME RUN (Flyball, 89XD), Distance : 423 ft
Batting: LHB Colin Moran 0-0: Ball
1-0: Foul Ball, location: 2F
1-1: Foul Ball, location: 2F
1-2: Foul Ball, location: 2F
1-2: Strikes out looking
Top of the 8th over - 2 runs, 2 hits, 0 errors, 0 left on base; Houston 9 - Cleveland 6
BOTTOM OF THE 8TH
Cleveland Indians batting - Pitching for Houston Astros : RHP Alex Colome
Pitching: LHP Chris Rusin
Batting: LHB Jacoby Ellsbury 0-0: Swinging Strike
0-1: Swinging Strike
0-2: Ball
1-2: Foul Ball, location: 2F
1-2: Ball
2-2: Ball
3-2: Strikes out swinging
Batting: LHB Matt Carpenter 0-0: Ball
1-0: Ball
2-0: Called Strike
2-1: Swinging Strike
2-2: Foul Ball, location: 2F
2-2: Fly out, F9 (Flyball, 9LM)
Batting: SHB Jose Ramirez 0-0: Called Strike
0-1: Ground out 5-3 (Groundball, 56S)
Bottom of the 8th over - 0 runs, 0 hits, 0 errors, 0 left on base; Houston 9 - Cleveland 6
TOP OF THE 9TH
Houston Astros batting - Pitching for Cleveland Indians : LHP Brett Cecil
Batting: LHB Dominic Smith 0-0: Ball
1-0: Called Strike
1-1: Ball
2-1: SINGLE (Flyball, 8LS)
Batting: RHB Josh Harrison 0-0: Ball
1-0: Foul Ball, location: 2F
1-1: Ball
2-1: Ball
3-1: Bunted foul
3-2: Fly out, F9 (Flyball, 89XD)
Batting: LHB Jason Heyward 0-0: Foul Ball, location: 2F
0-1: Ball
1-1: Fielders Choice at 2nd, 3-6 (Groundball, 3)
Pitching: LHP Zac Rosscup
Batting: RHB Teoscar Hernandez 0-0: Ball
1-0: Swinging Strike
1-1: Called Strike
1-2: Ball
2-2: Fly out, F7 (Flyball, 78M)
Top of the 9th over - 0 runs, 1 hit, 0 errors, 1 left on base; Houston 9 - Cleveland 6
BOTTOM OF THE 9TH
Cleveland Indians batting - Pitching for Houston Astros : LHP Chris Rusin
Pitching: LHP A.J. Minter
Batting: LHB Eric Hosmer 0-0: Ball
1-0: Fly out, F9 (Flyball, 9S)
Batting: LHB Matt Joyce 0-0: Foul Ball, location: 2F
0-1: Ball
1-1: Foul Ball, location: 2F
1-2: Foul Ball, location: 2F
1-2: Foul Ball, location: 2F
1-2: SINGLE (Flyball, 7LS)
Batting: LHB Christian Yelich 0-0: Ball
1-0: Ball
2-0: Ball
3-0: Base on Balls
Matt Joyce to second
Batting: RHB Marcus Semien 0-0: Ball
1-0: Foul Ball, location: 2F
1-1: Foul Ball, location: 2F
1-2: Strikes out swinging
Batting: LHB Brian McCann 0-0: Ball
1-0: Ball
2-0: Called Strike
2-1: Foul Ball, location: 2F
2-2: Hit by Pitch
Matt Joyce to third
Christian Yelich to second
Batting: RHB Mitch Garver 0-0: Foul Ball, location: 2F
0-1: Ball
1-1: Ball
2-1: Swinging Strike
2-2: Foul Ball, location: 2F
2-2: Ball
3-2: Base on Balls
Matt Joyce scores
Christian Yelich to third
Brian McCann to second
Pinch Hitting: RHB Steven Souza Jr. 0-0: Swinging Strike
0-1: Ball
1-1: Fly out, F5 (Popup, 5S)
Bottom of the 9th over - 1 run, 1 hit, 0 errors, 3 left on base; Houston 9 - Cleveland 7
Tuesday, July 31st, 2018 - OOTP Baseball 19.7 Build 59